 Dungeon Crawl Stone Soup version 0.25-a0-578-gc91f01c39c (webtiles) character file.

Game seed: 6929785394231272918, levelgen mode: deterministic

201 Eurus the Conjurer (level 5, -12/37 HPs)
             Began as a Mummy Conjurer on Mar 5, 2020.
             Mangled by Pikel
             ... wielding a +2 whip of electrocution
              (18 damage)
             ... on level 5 of the Dungeon.
             The game lasted 00:07:38 (3748 turns).

Eurus the Conjurer (Mummy Conjurer)                 Turns: 3748, Time: 00:07:38

Health: -12/37     AC:  4    Str: 11    XL:     5   Next: 50%
Magic:  1/11       EV: 12    Int: 15    God:
Gold:   168        SH:  0    Dex: 13    Spells: 5/12 levels left

rFire    x . .     SeeInvis .   j - +1 short sword (freeze)
rCold    + . .     Gourm    .   (no shield)
rNeg     + + +     Faith    .   a - +0 robe
rPois    ∞         Spirit   .   (no helmet)
rElec    .         Reflect  .   l - +0 cloak
rCorr    .         Harm     .   (no gloves)
MR       .....                  g - +0 pair of boots
Stlth    ++........             (no amulet)
HPRegen  0.12/turn              (no ring)
MPRegen  0.12/turn              (no ring)

@: no status effects
A: no food or potions, fire vulnerability, cold resistance 1, negative energy
resistance 3, torment resistance, unbreathing
a: no special abilities


You were on level 5 of the Dungeon.
You were not hungry.

You visited 1 branch of the dungeon, and saw 4 of its levels.

You collected 168 gold pieces.

Inventory:

Hand Weapons
 b - a cursed +0 spear
 j - a +1 short sword of freezing (weapon)
Armour
 a - a +0 robe (worn)
 g - a +0 pair of boots (worn)
 k - a +0 leather armour
 l - a +0 cloak (worn)
Jewellery
 c - an uncursed ring of fire {unknown}
Scrolls
 d - a scroll of enchant weapon {unknown}
 e - a scroll of enchant armour {unknown}
 f - a scroll of amnesia {unknown}
 h - a scroll of identify {unknown}
 i - a scroll of noise {unknown}


   Skills:
 + Level 1.5 Fighting
 - Level 1.5 Dodging
 - Level 1.5 Stealth
 + Level 4.3 Spellcasting
 * Level 4.7 Conjurations
 + Level 0.5 Translocations


You had 5 spell levels left.
You knew the following spells:

 Your Spells              Type           Power        Failure   Level  Hunger
a - Magic Dart            Conj           ###.         2%          1    N/A
b - Searing Ray           Conj           ###...       3%          2    N/A
c - Iskenderun's Mystic   Conj/Tloc      ##......     52%         4    N/A

Your spell library contained the following spells:

 Spells                   Type           Power        Failure   Level  Hunger
 Dazzling Flash           Conj/Hex       ##....       21%         3    N/A
 Fulminant Prism          Conj/Hex       ##........   54%         4    N/A

Dungeon Overview and Level Annotations

Branches:
Dungeon (3/15)

Altars:
Cheibriados
Kikubaaqudgha

Shops:
D:5 !

Annotations:
D:5 Pikel


Innate Abilities, Weirdness & Mutations

You do not eat or drink.
Your flesh is vulnerable to fire.
You are immune to poison.
Your flesh is cold resistant. (rC+)
You are immune to negative energy. (rN+++)
You are immune to unholy pain and torment.
You can survive without breathing.


Message History

The searing ray hits Pikel.
Pikel is moderately wounded.
The searing ray hits the slave.
The slave is heavily wounded.
You finish channeling your searing ray.
The slave hits you but does no damage. Pikel hits you but does no damage.
Casting: Searing Ray (safe; 3% risk of failure)
Confirm with . or Enter, or press ? or * to list all spells.
Aiming: Searing Ray (safe; 3% risk of failure)
Press: ? - help, Shift-Dir - straight line, f/p - Pikel
Aim: Pikel, wielding a +2 whip of electrocution and wearing a +0 robe (moderately wounded)
The searing ray hits Pikel.
Pikel is moderately wounded.
The searing ray misses the slave. (Press . to maintain the ray.)
The slave hits you.
Pikel hits you with a +2 whip of electrocution!
* * * LOW HITPOINT WARNING * * *
You are electrocuted!!
You die...

#.....#
#.....#
#.....#
#....#
##.#.#
#.#.##
#p#pp#
#.##K#
#K##@#
#.##p#
#.##p##
#.##..#
#.###.#
∩...
#.# #.#
....
#.#
#.#####
#..#
#.#
#.....#
####..#
#.#
#.#.#.#
#.#..#


You could see Pikel and 4 slaves.

Vanquished Creatures
  2 orc wizards (D:5)
  An orc priest (D:3)
  6 adders
  2 dart slugs
  A leopard gecko (D:1)
  5 orcs
  3 giant cockroaches
  6 goblins
  6 hobgoblins
  3 jackals (D:3)
  8 kobolds
  A quokka (D:3)
  3 bats
  3 frilled lizards (D:3)
  4 rats (D:2)
54 creatures vanquished.

Notes
Turn   | Place    | Note
-------+----------+-------------------------------------------
     0 | D:1      | Eurus the Mummy Conjurer began the quest for the Orb.
     0 | D:1      | Reached XP level 1. HP: 13/13 MP: 4/4
  1166 | D:2      | Reached XP level 2. HP: 19/19 MP: 4/6
  1170 | D:2      | Learned a level 2 spell: Searing Ray
  1321 | D:2      | Found an ancient bone altar of Kikubaaqudgha.
  1388 | D:2      | Reached XP level 3. HP: 24/24 MP: 3/7
  2165 | D:2      | Reached XP level 4. HP: 25/30 MP: 5/9
  2505 | D:2      | Found a snail-covered altar of Cheibriados.
  3161 | D:3      | Reached skill level 1 in Fighting
  3367 | D:3      | Reached XP level 5. HP: 37/37 MP: 6/11
  3389 | D:3      | Learned a level 4 spell: Iskenderun's Mystic Blast
  3405 | D:3      | You fall into a shaft and drop 2 floors!
  3405 | D:5      | Entered Level 5 of the Dungeon
  3425 | D:5      | Found Puotha's Distillery.
  3675 | D:5      | Noticed a slave
  3675 | D:5      | Noticed a slave
  3675 | D:5      | Noticed a slave
  3675 | D:5      | Noticed a slave
  3675 | D:5      | Noticed Pikel
  3748 | D:5      | Mangled by Pikel

Levels and vault maps discovered:
D:1:      eino_arrival_water_cross, layout_loops_corners
D:2:      layout_basic, overflow_temple_1_default, marbit_many_paths,
          first_ration
D:3:      layout_loops_ring, minmay_mini_jars
D:5:      layout_cave_pools, serial_shops, shop, shop, nicolae_shop_stone,
          kennysheep_mini, shop, serial_co_window_serial, co_window_paths_a,
          co_window_of_opportunity_a, co_window_paths_b, co_window_corner_a,
          co_window_corner_a, co_window_corner_b, co_window_of_opportunity_c,
          co_window_cross_3, co_window_2corner, co_window_4corner_b,
          co_window_4corner_a, glass_columns_b, glass_columns_b,
          glass_columns_a, uniq_eustachio, uniq_pikel

Skill      XL: |  1  2  3  4 |
---------------+-------------+-----
Spellcasting   | 3 4 |  4.3
Conjurations   | 4 |  4.7
Fighting       | 1 |  1.5
Dodging        | |  1.5
Stealth        | |  1.5
Translocations | |  0.5

Action                   |  1- 3 |  4- 6 || total
-------------------------+-------+-------++-------
Melee: Unarmed           |     3 |       ||     3
       Dagger            |     2 |       ||     2
       Short sword       |    22 |    62 ||    84
 Cast: Magic Dart        |    28 |    15 ||    43
       Searing Ray       |     5 |     7 ||    12
 Stab: Sleeping          |     1 |       ||     1
Armor: Robe              |    11 |    18 ||    29
Dodge: Dodged            |    22 |    33 ||    55

Table legend:
 A = Non-vault XP
 B = Vault XP
 C = Vault XP percentage of total XP
 D = Non-vault monster count
 E = Vault monster count
 F = Vault count percentage of total count
                 A         B        C        D         E       F
            +---------+---------+-------+---------+---------+-------
      Total |     286 |       2 |   0.7 |      53 |       1 |   1.9
            +---------+---------+-------+---------+---------+-------
        D:1 |      11 |       0 |   0.0 |       6 |       0 |   0.0
        D:2 |      91 |       2 |   2.2 |      20 |       1 |   4.8
        D:3 |      96 |       0 |   0.0 |      23 |       0 |   0.0
        D:5 |      88 |       0 |   0.0 |       4 |       0 |   0.0
            +---------+---------+-------+---------+---------+-------
